2707 views
Uploaded 2020-01-16 21:34:41
Game version 1.32.0.5
38:34 long 4on4 ladder game on (8)MarketSquare
Saved by BEARAND
2707 views
Uploaded 2020-01-16 21:34:41
Game version 1.32.0.5
38:34 long 4on4 ladder game on (8)MarketSquare


125 units @ 10.4k
/ 0.6k
288 buildings @ 24.4k
/ 12.1k



| Orb of Venom | 1 | 325 |
| Staff of Teleportation | 3 | 450 |
| Boots of Speed | 3 | 750 |
| Circlet of Nobility | 3 | 525 |
| Periapt of Vitality | 2 | 650 |
| Staff of Sanctuary | 3 | 750 |
| total: | 15 | 3450g |
| Wisp | 25 | 1500 | / | 0 |
| Hippogryph | 9 | 1440 | / | 180 |
| total: | 34 | 2940g | / | 180w |
| Altar of Elders | 1 | 180 | / | 50 |
| Moon Well | 8 | 1440 | / | 320 |
| Hunter's Hall | 1 | 210 | / | 100 |
| Ancient of Wonders | 1 | 90 | / | 30 |
| Tree of Life | 9 | 3060 | / | 1665 |
| Ancient of Wind | 1 | 150 | / | 140 |
| Tree of Ages | 1 | 320 | / | 180 |
| Tree of Eternity | 1 | 330 | / | 200 |
| total: | 21 | 5130g | / | 2305w |
| 0:03 | Wisp |
| 0:04 | Wisp |
| 0:07 | Altar of Elders |
| 0:14 | Moon Well |
| 0:28 | Wisp |
| 0:32 | Moon Well |
| 0:46 | Wisp |
| 0:53 | Wisp |
| 1:00 | Wisp |
| 1:15 | Wisp |
| 1:15 | Wisp |
| 1:29 | Wisp |
| 1:43 | Wisp |
| 1:56 | Wisp |
| 2:09 | Entangling Roots |
| 2:16 | Wisp |
| 2:17 | Wisp |
| 2:52 | Wisp |
| 2:52 | Wisp |
| 3:40 | Tree of Ages |
| 4:29 | Moon Well |
| 4:32 | Moon Well |
| 5:11 | Hunter's Hall |
| 5:48 | Staff of Teleportation |
| 5:48 | Boots of Speed |
| 6:04 | Tree of Eternity |
| 6:13 | Frost Arrows |
| 7:29 | Thorns Aura |
| 8:31 | Ancient of Wonders |
| 9:28 | Trueshot Aura |
| 9:39 | Orb of Venom |
| 9:42 | Well Spring |
| 9:42 | Ultravision |
| 9:52 | Moon Well |
| 9:55 | Moon Well |
| 10:15 | Staff of Teleportation |
| 10:15 | Boots of Speed |
| 10:15 | Circlet of Nobility |
| 12:11 | Mana Shield |
| 13:34 | Staff of Sanctuary |
| 13:50 | Staff of Teleportation |
| 13:50 | Boots of Speed |
| 15:19 | Entangling Roots |
| 15:29 | Searing Arrows |
| 15:56 | Staff of Sanctuary |
| 17:02 | Circlet of Nobility |
| 17:03 | Periapt of Vitality |
| 17:10 | Moon Well |
| 17:12 | Moon Well |
| 18:39 | Ancient of Wind |
| 18:40 | Strength of the Wild |
| 18:41 | Reinforced Hides |
| 19:50 | Staff of Sanctuary |
| 20:09 | Circlet of Nobility |
| 20:10 | Periapt of Vitality |
| 20:48 | Frost Arrows |
| 21:29 | Tree of Life |
| 21:32 | Tree of Life |
| 22:06 | Hippogryph |
| 22:06 | Hippogryph |
| 22:06 | Hippogryph |
| 22:06 | Hippogryph |
| 22:08 | Improved Strength of the Wild |
| 22:08 | Improved Reinforced Hides |
| 23:01 | Trueshot Aura |
| 24:41 | Thorns Aura |
| 25:53 | Hippogryph |
| 25:53 | Hippogryph |
| 25:53 | Hippogryph |
| 25:54 | Hippogryph |
| 26:30 | Tree of Life |
| 26:57 | Mana Shield |
| 29:40 | Wisp |
| 29:40 | Wisp |
| 29:40 | Wisp |
| 29:41 | Wisp |
| 29:41 | Wisp |
| 29:53 | Tree of Life |
| 29:56 | Tree of Life |
| 32:03 | Advanced Strength of the Wild |
| 32:03 | Advanced Reinforced Hides |
| 32:04 | Entangling Roots |
| 32:17 | Tree of Life |
| 32:23 | Hippogryph |
| 33:17 | Wisp |
| 33:31 | Frost Arrows |
| 33:34 | Searing Arrows |
| 34:01 | Tree of Life |
| 35:23 | Wisp |
| 35:23 | Wisp |
| 35:23 | Wisp |
| 36:25 | Tree of Life |
| 37:06 | Tree of Life |
| 37:44 | Wisp |
| 38:19 | Tranquility |
| Right click | 3546 |
| Select group | 1842 |
| Select | 359 |
| Resource trade | 172 |
| Build/train/purchase | 116 |
| Use ability | 111 |
| Misc. action | 71 |
| Minimap ping | 59 |
| Chat | 49 |
| Assign group | 14 |
| Esc | 2 |
| Item give/drop | 1 |


| Healing Salve | 1 | 100 |
| Orb of Lightning | 1 | 375 |
| Tiny Great Hall | 1 | 600 |
| Boots of Speed | 2 | 500 |
| Staff of Teleportation | 2 | 300 |
| total: | 7 | 1875g |
| Peon | 19 | 1425 | / | 0 |
| Troll Batrider | 5 | 800 | / | 200 |
| total: | 24 | 2225g | / | 200w |
| Watch Tower | 16 | 1760 | / | 1280 |
| Altar of Storms | 4 | 720 | / | 200 |
| Orc Burrow | 6 | 960 | / | 240 |
| War Mill | 1 | 205 | / | 0 |
| Voodoo Lounge | 6 | 780 | / | 180 |
| Great Hall | 1 | 385 | / | 185 |
| Beastiary | 6 | 870 | / | 840 |
| Stronghold | 1 | 315 | / | 190 |
| Fortress | 1 | 325 | / | 190 |
| total: | 40 | 5680g | / | 2925w |
| 0:02 | Peon |
| 0:02 | Peon |
| 0:06 | Altar of Storms |
| 0:18 | Orc Burrow |
| 0:22 | Peon |
| 0:35 | Peon |
| 0:48 | War Mill |
| 0:53 | Peon |
| 1:12 | Voodoo Lounge |
| 1:17 | Peon |
| 1:21 | Peon |
| 1:37 | Peon |
| 1:48 | Orc Burrow |
| 2:07 | Wind Walk |
| 2:15 | Watch Tower |
| 2:17 | Healing Salve |
| 2:21 | Peon |
| 2:27 | Watch Tower |
| 2:31 | Peon |
| 3:01 | Watch Tower |
| 3:14 | Peon |
| 3:14 | Peon |
| 3:16 | Peon |
| 3:19 | Watch Tower |
| 4:04 | Stronghold |
| 4:07 | Orc Burrow |
| 4:38 | Watch Tower |
| 4:40 | Watch Tower |
| 5:14 | Watch Tower |
| 5:19 | Watch Tower |
| 5:51 | Boots of Speed |
| 5:51 | Staff of Teleportation |
| 5:56 | Watch Tower |
| 6:15 | Voodoo Lounge |
| 6:16 | Voodoo Lounge |
| 6:19 | Voodoo Lounge |
| 6:22 | Voodoo Lounge |
| 7:12 | Watch Tower |
| 7:15 | Beastiary |
| 7:19 | Beastiary |
| 7:51 | Watch Tower |
| 8:00 | Watch Tower |
| 8:03 | Beastiary |
| 8:09 | Hex |
| 8:15 | Watch Tower |
| 8:17 | Reinforced Defenses |
| 8:55 | Critical Strike |
| 9:06 | Fortress |
| 9:22 | Watch Tower |
| 9:54 | Boots of Speed |
| 9:55 | Staff of Teleportation |
| 10:21 | Beastiary |
| 10:35 | Watch Tower |
| 11:07 | Beastiary |
| 11:30 | Liquid Fire |
| 11:33 | Beastiary |
| 12:14 | Watch Tower |
| 12:32 | Steel Ranged Weapons |
| 12:32 | Steel Armor |
| 12:33 | Spiked Barricades |
| 12:55 | Troll Batrider |
| 13:21 | Orc Burrow |
| 15:26 | Healing Wave |
| 17:01 | Troll Batrider |
| 17:22 | Troll Batrider |
| 18:29 | Thorium Ranged Weapons |
| 18:29 | Improved Spiked Barricades |
| 19:13 | Orb of Lightning |
| 21:24 | Wind Walk |
| 21:33 | Troll Batrider |
| 23:35 | Troll Batrider |
| 25:13 | Tiny Great Hall |
| 27:30 | Altar of Storms |
| 27:42 | Great Hall |
| 28:29 | Critical Strike |
| 30:17 | Altar of Storms |
| 30:19 | Peon |
| 30:19 | Peon |
| 30:40 | Peon |
| 30:40 | Peon |
| 30:40 | Peon |
| 31:43 | Orc Burrow |
| 33:45 | Voodoo Lounge |
| 34:41 | Peon |
| 35:47 | Altar of Storms |
| 37:16 | Orc Burrow |
| 37:58 | Healing Wave |
| 38:00 | Wind Walk |
| Right click | 3300 |
| Select | 531 |
| Select group | 368 |
| Build/train/purchase | 126 |
| Misc. action | 107 |
| Use ability | 49 |
| Chat | 29 |
| Assign group | 12 |
| Minimap ping | 10 |
| Esc | 3 |
| Item give/drop | 1 |
| Remove unit | 1 |



| Staff of Sanctuary | 3 | 750 |
| Scroll of Town Portal | 1 | 350 |
| Boots of Speed | 4 | 1000 |
| Staff of Teleportation | 3 | 450 |
| Periapt of Vitality | 2 | 650 |
| Orb of Lightning | 2 | 750 |
| total: | 15 | 3950g |
| Peasant | 18 | 1350 | / | 0 |
| Priest | 1 | 135 | / | 10 |
| Dragonhawk Rider | 6 | 1200 | / | 180 |
| total: | 25 | 2685g | / | 190w |
| Scout Tower | 184 | 5520 | / | 3680 |
| Arcane Tower | 4 | 280 | / | 200 |
| Guard Tower | 105 | 7350 | / | 5250 |
| Altar of Kings | 1 | 180 | / | 50 |
| Farm | 7 | 560 | / | 140 |
| Lumber Mill | 1 | 120 | / | 0 |
| Arcane Vault | 3 | 390 | / | 90 |
| Blacksmith | 2 | 280 | / | 120 |
| Barracks | 1 | 160 | / | 60 |
| Arcane Sanctum | 1 | 150 | / | 140 |
| Gryphon Aviary | 1 | 140 | / | 150 |
| Keep | 1 | 320 | / | 210 |
| Castle | 1 | 360 | / | 210 |
| total: | 201 | 7500g | / | 4430w |
| 0:02 | Peasant |
| 0:02 | Peasant |
| 0:08 | Altar of Kings |
| 0:17 | Farm |
| 0:22 | Peasant |
| 0:28 | Farm |
| 0:40 | Peasant |
| 0:53 | Peasant |
| 0:57 | Peasant |
| 1:03 | Lumber Mill |
| 1:06 | Peasant |
| 1:22 | Scout Tower |
| 1:25 | Peasant |
| 1:35 | Scout Tower |
| 1:40 | Scout Tower |
| 1:41 | Scout Tower |
| 1:46 | Peasant |
| 1:51 | Arcane Tower |
| 1:52 | Scout Tower |
| 1:54 | Scout Tower |
| 1:55 | Scout Tower |
| 1:58 | Peasant |
| 1:58 | Peasant |
| 1:58 | Peasant |
| 2:05 | Scout Tower |
| 2:06 | Blizzard |
| 2:09 | Guard Tower |
| 2:12 | Peasant |
| 2:14 | Improved Masonry |
| 2:16 | Peasant |
| 2:19 | Guard Tower |
| 2:20 | Guard Tower |
| 2:21 | Guard Tower |
| 2:23 | Scout Tower |
| 2:31 | Scout Tower |
| 2:32 | Scout Tower |
| 2:35 | Arcane Tower |
| 2:36 | Scout Tower |
| 2:37 | Scout Tower |
| 2:38 | Scout Tower |
| 2:49 | Scout Tower |
| 2:49 | Guard Tower |
| 2:51 | Scout Tower |
| 2:53 | Scout Tower |
| 3:04 | Guard Tower |
| 3:06 | Scout Tower |
| 3:13 | Guard Tower |
| 3:13 | Guard Tower |
| 3:14 | Scout Tower |
| 3:15 | Scout Tower |
| 3:16 | Scout Tower |
| 3:17 | Scout Tower |
| 3:18 | Scout Tower |
| 3:48 | Guard Tower |
| 3:49 | Guard Tower |
| 3:50 | Keep |
| 3:51 | Guard Tower |
| 3:52 | Guard Tower |
| 3:53 | Guard Tower |
| 3:57 | Scout Tower |
| 3:57 | Scout Tower |
| 3:58 | Scout Tower |
| 3:58 | Scout Tower |
| 4:11 | Guard Tower |
| 4:12 | Scout Tower |
| 4:14 | Farm |
| 4:15 | Farm |
| 4:29 | Scout Tower |
| 4:29 | Scout Tower |
| 4:31 | Scout Tower |
| 4:36 | Guard Tower |
| 4:50 | Guard Tower |
| 4:50 | Guard Tower |
| 4:52 | Scout Tower |
| 4:52 | Scout Tower |
| 5:03 | Guard Tower |
| 5:05 | Guard Tower |
| 5:20 | Guard Tower |
| 5:49 | Guard Tower |
| 5:49 | Guard Tower |
| 6:05 | Scout Tower |
| 6:06 | Scout Tower |
| 6:13 | Arcane Sanctum |
| 6:24 | Scout Tower |
| 6:25 | Scout Tower |
| 6:31 | Scout Tower |
| 6:32 | Scout Tower |
| 6:37 | Scout Tower |
| 6:38 | Scout Tower |
| 6:38 | Scout Tower |
| 6:39 | Scout Tower |
| 7:07 | Storm Bolt |
| 7:09 | Advanced Masonry |
| 7:22 | Scout Tower |
| 7:22 | Scout Tower |
| 7:23 | Scout Tower |
| 7:23 | Scout Tower |
| 7:24 | Guard Tower |
| 7:26 | Guard Tower |
| 7:27 | Scout Tower |
| 7:28 | Scout Tower |
| 7:29 | Scout Tower |
| 7:29 | Scout Tower |
| 7:30 | Scout Tower |
| 7:48 | Guard Tower |
| 7:48 | Arcane Tower |
| 7:53 | Guard Tower |
| 8:03 | Priest |
| 8:03 | Magic Sentry |
| 8:06 | Castle |
| 8:21 | Scout Tower |
| 8:22 | Scout Tower |
| 8:23 | Scout Tower |
| 8:23 | Scout Tower |
| 9:25 | Boots of Speed |
| 9:25 | Staff of Teleportation |
| 9:25 | Periapt of Vitality |
| 9:43 | Guard Tower |
| 10:09 | Arcane Vault |
| 10:10 | Arcane Vault |
| 10:36 | Guard Tower |
| 10:36 | Arcane Tower |
| 10:48 | Boots of Speed |
| 10:53 | Guard Tower |
| 11:27 | Scout Tower |
| 11:28 | Guard Tower |
| 11:28 | Guard Tower |
| 11:29 | Scout Tower |
| 11:29 | Scout Tower |
| 11:32 | Guard Tower |
| 11:33 | Holy Light |
| 12:02 | Staff of Sanctuary |
| 12:23 | Arcane Vault |
| 12:29 | Orb of Lightning |
| 12:36 | Imbued Masonry |
| 12:43 | Staff of Sanctuary |
| 12:45 | Guard Tower |
| 13:52 | Gryphon Aviary |
| 13:53 | Blacksmith |
| 14:07 | Guard Tower |
| 14:17 | Staff of Sanctuary |
| 14:23 | Guard Tower |
| 14:23 | Guard Tower |
| 14:24 | Guard Tower |
| 14:36 | Improved Lumber Harvesting |
| 14:54 | Scout Tower |
| 14:55 | Scout Tower |
| 14:55 | Scout Tower |
| 14:56 | Scout Tower |
| 14:56 | Scout Tower |
| 14:56 | Scout Tower |
| 14:57 | Scout Tower |
| 14:57 | Scout Tower |
| 14:58 | Scout Tower |
| 15:03 | Scout Tower |
| 15:03 | Scout Tower |
| 15:03 | Scout Tower |
| 15:04 | Scout Tower |
| 15:18 | Guard Tower |
| 15:18 | Guard Tower |
| 15:19 | Guard Tower |
| 15:24 | Orb of Lightning |
| 15:31 | Guard Tower |
| 15:31 | Guard Tower |
| 15:54 | Guard Tower |
| 15:55 | Guard Tower |
| 16:15 | Guard Tower |
| 16:22 | Brilliance Aura |
| 16:44 | Scout Tower |
| 16:44 | Scout Tower |
| 16:45 | Guard Tower |
| 16:46 | Scout Tower |
| 16:46 | Scout Tower |
| 16:47 | Bash |
| 17:23 | Dragonhawk Rider |
| 17:24 | Dragonhawk Rider |
| 17:25 | Farm |
| 17:30 | Blacksmith |
| 17:43 | Scout Tower |
| 17:43 | Scout Tower |
| 17:56 | Barracks |
| 18:00 | Staff of Teleportation |
| 18:10 | Peasant |
| 18:10 | Peasant |
| 18:10 | Peasant |
| 18:10 | Peasant |
| 18:38 | Dragonhawk Rider |
| 18:38 | Dragonhawk Rider |
| 18:40 | Studded Leather Armor |
| 18:41 | Iron Forged Swords |
| 18:43 | Guard Tower |
| 18:43 | Guard Tower |
| 18:45 | Scout Tower |
| 19:21 | Animal War Training |
| 19:27 | Guard Tower |
| 19:30 | Scout Tower |
| 19:31 | Scout Tower |
| 19:31 | Scout Tower |
| 19:32 | Scout Tower |
| 19:32 | Scout Tower |
| 19:33 | Scout Tower |
| 19:33 | Scout Tower |
| 19:33 | Scout Tower |
| 19:34 | Scout Tower |
| 19:34 | Scout Tower |
| 19:34 | Scout Tower |
| 19:35 | Scout Tower |
| 20:01 | Scout Tower |
| 20:01 | Scout Tower |
| 20:02 | Scout Tower |
| 20:02 | Scout Tower |
| 20:12 | Farm |
| 20:13 | Farm |
| 21:09 | Scroll of Town Portal |
| 21:12 | Staff of Teleportation |
| 21:13 | Periapt of Vitality |
| 21:15 | Boots of Speed |
| 21:15 | Boots of Speed |
| 21:22 | Scout Tower |
| 21:23 | Scout Tower |
| 21:23 | Scout Tower |
| 21:23 | Scout Tower |
| 21:28 | Dragonhawk Rider |
| 21:29 | Dragonhawk Rider |
| 21:48 | Cloud |
| 21:53 | Scout Tower |
| 21:53 | Scout Tower |
| 21:54 | Scout Tower |
| 21:54 | Scout Tower |
| 21:55 | Scout Tower |
| 21:55 | Scout Tower |
| 21:56 | Scout Tower |
| 21:57 | Scout Tower |
| 22:19 | Guard Tower |
| 22:53 | Scout Tower |
| 22:54 | Scout Tower |
| 22:54 | Scout Tower |
| 22:54 | Scout Tower |
| 22:54 | Scout Tower |
| 22:55 | Scout Tower |
| 22:55 | Scout Tower |
| 22:55 | Scout Tower |
| 25:05 | Divine Shield |
| 25:52 | Scout Tower |
| 25:53 | Scout Tower |
| 25:53 | Scout Tower |
| 26:01 | Scout Tower |
| 26:02 | Scout Tower |
| 26:02 | Scout Tower |
| 26:03 | Scout Tower |
| 26:03 | Scout Tower |
| 26:42 | Blizzard |
| 26:45 | Guard Tower |
| 26:45 | Guard Tower |
| 26:51 | Storm Bolt |
| 27:02 | Guard Tower |
| 27:03 | Scout Tower |
| 27:10 | Guard Tower |
| 27:14 | Scout Tower |
| 27:15 | Scout Tower |
| 27:23 | Guard Tower |
| 27:27 | Scout Tower |
| 27:27 | Scout Tower |
| 27:36 | Guard Tower |
| 28:06 | Guard Tower |
| 28:56 | Guard Tower |
| 28:57 | Guard Tower |
| 29:54 | Scout Tower |
| 29:55 | Scout Tower |
| 29:55 | Scout Tower |
| 29:56 | Scout Tower |
| 29:57 | Scout Tower |
| 29:58 | Scout Tower |
| 29:58 | Scout Tower |
| 29:59 | Scout Tower |
| 29:59 | Scout Tower |
| 31:06 | Holy Light |
| 31:14 | Scout Tower |
| 31:14 | Scout Tower |
| 31:15 | Scout Tower |
| 31:15 | Scout Tower |
| 31:15 | Scout Tower |
| 31:16 | Scout Tower |
| 31:16 | Scout Tower |
| 31:16 | Scout Tower |
| 31:17 | Scout Tower |
| 31:18 | Scout Tower |
| 31:49 | Guard Tower |
| 31:50 | Guard Tower |
| 31:50 | Guard Tower |
| 32:11 | Brilliance Aura |
| 32:36 | Guard Tower |
| 32:36 | Guard Tower |
| 32:37 | Guard Tower |
| 32:47 | Guard Tower |
| 32:48 | Guard Tower |
| 33:08 | Guard Tower |
| 33:10 | Scout Tower |
| 33:11 | Scout Tower |
| 33:11 | Scout Tower |
| 33:12 | Scout Tower |
| 33:12 | Scout Tower |
| 33:13 | Scout Tower |
| 33:13 | Scout Tower |
| 33:14 | Scout Tower |
| 33:22 | Bash |
| 33:59 | Guard Tower |
| 33:59 | Guard Tower |
| 34:06 | Guard Tower |
| 34:07 | Guard Tower |
| 35:20 | Guard Tower |
| 35:24 | Scout Tower |
| 35:25 | Scout Tower |
| 35:25 | Scout Tower |
| 35:26 | Scout Tower |
| 35:26 | Scout Tower |
| 35:38 | Scout Tower |
| 35:38 | Scout Tower |
| 35:39 | Scout Tower |
| 35:39 | Scout Tower |
| 35:39 | Scout Tower |
| 35:40 | Scout Tower |
| 35:40 | Scout Tower |
| 35:40 | Scout Tower |
| 35:41 | Scout Tower |
| 35:41 | Scout Tower |
| 35:42 | Scout Tower |
| 35:42 | Scout Tower |
| 35:42 | Scout Tower |
| 35:43 | Scout Tower |
| 35:43 | Scout Tower |
| 35:43 | Scout Tower |
| 35:43 | Scout Tower |
| 35:56 | Guard Tower |
| 36:20 | Guard Tower |
| 36:49 | Guard Tower |
| 37:01 | Guard Tower |
| 37:12 | Guard Tower |
| 37:31 | Guard Tower |
| 37:33 | Guard Tower |
| 37:46 | Guard Tower |
| 37:47 | Scout Tower |
| 37:50 | Scout Tower |
| 37:50 | Scout Tower |
| 37:51 | Scout Tower |
| 37:51 | Scout Tower |
| 38:27 | Guard Tower |
| 38:31 | Guard Tower |
| 38:32 | Scout Tower |
| 38:32 | Scout Tower |
| Right click | 3754 |
| Select | 1012 |
| Select group | 732 |
| Build/train/purchase | 266 |
| Use ability | 204 |
| Minimap ping | 45 |
| Assign group | 17 |
| Resource trade | 16 |
| Misc. action | 1 |
| Item give/drop | 1 |

| Orb of Venom | 1 | 325 |
| Lesser Clarity Potion | 2 | 140 |
| Boots of Speed | 1 | 250 |
| Staff of Teleportation | 1 | 150 |
| Mechanical Critter | 2 | 100 |
| total: | 7 | 965g |
| Wisp | 42 | 2520 | / | 0 |
| total: | 42 | 2520g | / | 0w |
| Altar of Elders | 5 | 900 | / | 250 |
| Moon Well | 10 | 1800 | / | 400 |
| Hunter's Hall | 1 | 210 | / | 100 |
| Tree of Life | 9 | 3060 | / | 1665 |
| Ancient of Wonders | 1 | 90 | / | 30 |
| Tree of Ages | 2 | 640 | / | 360 |
| Tree of Eternity | 1 | 330 | / | 200 |
| total: | 26 | 6060g | / | 2445w |
| 0:02 | Wisp |
| 0:06 | Altar of Elders |
| 0:11 | Wisp |
| 0:18 | Moon Well |
| 0:27 | Wisp |
| 0:40 | Wisp |
| 0:51 | Wisp |
| 1:13 | Wisp |
| 1:19 | Wisp |
| 1:20 | Wisp |
| 1:30 | Moon Well |
| 1:39 | Wisp |
| 1:48 | Wisp |
| 1:55 | Wisp |
| 2:07 | Shadow Strike |
| 2:14 | Moon Well |
| 2:31 | Wisp |
| 3:25 | Moon Well |
| 3:26 | Wisp |
| 3:26 | Wisp |
| 3:44 | Moon Well |
| 3:51 | Wisp |
| 4:22 | Tree of Ages |
| 4:45 | Moon Well |
| 5:40 | Hunter's Hall |
| 6:20 | Boots of Speed |
| 6:20 | Staff of Teleportation |
| 7:14 | Tree of Eternity |
| 7:16 | Ultravision |
| 7:25 | Moon Well |
| 7:50 | Moon Well |
| 8:21 | Moon Well |
| 8:48 | Moon Well |
| 9:35 | Well Spring |
| 9:41 | Nature's Blessing |
| 9:54 | Tree of Life |
| 10:25 | Blink |
| 11:06 | Wisp |
| 11:06 | Wisp |
| 11:06 | Wisp |
| 11:07 | Wisp |
| 12:33 | Wisp |
| 12:34 | Wisp |
| 12:44 | Ancient of Wonders |
| 13:00 | Wisp |
| 13:28 | Wisp |
| 13:28 | Wisp |
| 14:37 | Shadow Strike |
| 15:23 | Orb of Venom |
| 15:40 | Tree of Life |
| 16:58 | Wisp |
| 16:58 | Wisp |
| 16:58 | Wisp |
| 17:24 | Tree of Life |
| 18:11 | Tree of Life |
| 18:45 | Tree of Life |
| 18:51 | Tree of Life |
| 19:11 | Altar of Elders |
| 19:21 | Tree of Life |
| 19:31 | Altar of Elders |
| 19:51 | Tree of Life |
| 20:02 | Wisp |
| 20:02 | Wisp |
| 20:03 | Wisp |
| 20:24 | Wisp |
| 20:25 | Wisp |
| 20:25 | Wisp |
| 21:35 | Altar of Elders |
| 22:04 | Wisp |
| 22:04 | Wisp |
| 22:05 | Wisp |
| 22:05 | Wisp |
| 25:55 | Altar of Elders |
| 29:11 | Lesser Clarity Potion |
| 29:54 | Blink |
| 30:18 | Tree of Life |
| 32:58 | Wisp |
| 32:58 | Wisp |
| 32:58 | Wisp |
| 32:58 | Wisp |
| 33:03 | Lesser Clarity Potion |
| 33:04 | Mechanical Critter |
| 33:04 | Mechanical Critter |
| 33:51 | Wisp |
| Right click | 1974 |
| Assign group | 923 |
| Select | 456 |
| Select group | 372 |
| Resource trade | 178 |
| Build/train/purchase | 126 |
| Use ability | 97 |
| Chat | 8 |
| Misc. action | 6 |
| Minimap ping | 3 |
| Remove unit | 2 |
| Item give/drop | 1 |
246 units @ 40.8k
/ 7.6k
132 buildings @ 14.1k
/ 6.8k

| Scroll of Regeneration | 5 | 500 |
| Potion of Healing | 4 | 600 |
| Orb of Fire | 1 | 325 |
| Scroll of Town Portal | 1 | 350 |
| Circlet of Nobility | 1 | 175 |
| Periapt of Vitality | 1 | 325 |
| total: | 13 | 2275g |
| Peasant | 23 | 1725 | / | 0 |
| Footman | 6 | 810 | / | 0 |
| Siege Engine | 47 | 9165 | / | 2820 |
| Flying Machine | 1 | 100 | / | 30 |
| total: | 77 | 11800g | / | 2850w |
| Scout Tower | 15 | 450 | / | 300 |
| Arcane Tower | 3 | 210 | / | 150 |
| Guard Tower | 7 | 490 | / | 350 |
| Altar of Kings | 1 | 180 | / | 50 |
| Barracks | 1 | 160 | / | 60 |
| Farm | 13 | 1040 | / | 260 |
| Lumber Mill | 1 | 120 | / | 0 |
| Arcane Vault | 1 | 130 | / | 30 |
| Blacksmith | 1 | 140 | / | 60 |
| Town Hall | 1 | 385 | / | 205 |
| Cannon Tower | 1 | 120 | / | 100 |
| Workshop | 6 | 840 | / | 840 |
| Keep | 2 | 640 | / | 420 |
| Castle | 2 | 720 | / | 420 |
| total: | 40 | 3445g | / | 1805w |
| 0:04 | Peasant |
| 0:04 | Peasant |
| 0:04 | Peasant |
| 0:23 | Altar of Kings |
| 0:27 | Barracks |
| 0:32 | Farm |
| 0:36 | Peasant |
| 0:52 | Farm |
| 0:54 | Farm |
| 0:59 | Farm |
| 1:02 | Peasant |
| 1:17 | Peasant |
| 1:31 | Peasant |
| 1:36 | Scout Tower |
| 1:40 | Scout Tower |
| 1:43 | Scout Tower |
| 1:45 | Peasant |
| 1:55 | Footman |
| 2:04 | Peasant |
| 2:15 | Footman |
| 2:24 | Storm Bolt |
| 2:34 | Peasant |
| 2:43 | Lumber Mill |
| 2:51 | Peasant |
| 3:12 | Scout Tower |
| 3:13 | Scout Tower |
| 3:15 | Peasant |
| 3:16 | Peasant |
| 3:24 | Footman |
| 3:39 | Arcane Tower |
| 3:42 | Peasant |
| 3:48 | Guard Tower |
| 4:01 | Footman |
| 4:09 | Guard Tower |
| 4:32 | Peasant |
| 4:32 | Peasant |
| 4:35 | Guard Tower |
| 4:43 | Footman |
| 4:52 | Arcane Vault |
| 5:28 | Keep |
| 5:36 | Bash |
| 5:52 | Farm |
| 5:53 | Farm |
| 5:55 | Farm |
| 5:59 | Farm |
| 6:00 | Farm |
| 6:01 | Farm |
| 6:12 | Scroll of Regeneration |
| 6:21 | Scroll of Regeneration |
| 6:39 | Blacksmith |
| 6:46 | Scout Tower |
| 6:46 | Scout Tower |
| 6:47 | Scout Tower |
| 6:59 | Footman |
| 7:59 | Guard Tower |
| 8:22 | Castle |
| 8:40 | Storm Bolt |
| 8:55 | Town Hall |
| 9:46 | Workshop |
| 9:48 | Workshop |
| 9:50 | Workshop |
| 9:51 | Workshop |
| 9:52 | Workshop |
| 9:54 | Workshop |
| 10:04 | Circlet of Nobility |
| 10:28 | Peasant |
| 10:28 | Peasant |
| 10:28 | Peasant |
| 10:28 | Peasant |
| 11:01 | Scout Tower |
| 11:04 | Scout Tower |
| 11:06 | Scout Tower |
| 11:12 | Peasant |
| 11:12 | Peasant |
| 11:17 | Improved Lumber Harvesting |
| 11:19 | Black Gunpowder |
| 11:19 | Iron Plating |
| 11:30 | Guard Tower |
| 11:38 | Farm |
| 11:39 | Farm |
| 11:44 | Guard Tower |
| 11:50 | Siege Engine |
| 11:53 | Barrage |
| 11:59 | Guard Tower |
| 12:09 | Bash |
| 12:59 | Periapt of Vitality |
| 13:36 | Siege Engine |
| 13:36 | Siege Engine |
| 13:37 | Siege Engine |
| 13:42 | Farm |
| 14:13 | Refined Gunpowder |
| 14:13 | Steel Plating |
| 14:26 | Siege Engine |
| 14:38 | Siege Engine |
| 14:42 | Improved Masonry |
| 15:14 | Siege Engine |
| 15:30 | Advanced Lumber Harvesting |
| 16:18 | Imbued Gunpowder |
| 16:26 | Siege Engine |
| 16:27 | Siege Engine |
| 16:59 | Siege Engine |
| 16:59 | Siege Engine |
| 17:14 | Mithril Plating |
| 17:21 | Advanced Masonry |
| 17:48 | Scout Tower |
| 17:52 | Scout Tower |
| 17:55 | Peasant |
| 18:05 | Scout Tower |
| 18:06 | Scout Tower |
| 18:22 | Siege Engine |
| 18:22 | Siege Engine |
| 18:34 | Arcane Tower |
| 18:39 | Cannon Tower |
| 18:42 | Arcane Tower |
| 18:56 | Siege Engine |
| 18:56 | Siege Engine |
| 19:18 | Imbued Masonry |
| 19:36 | Siege Engine |
| 19:36 | Siege Engine |
| 19:59 | Siege Engine |
| 20:32 | Siege Engine |
| 20:32 | Siege Engine |
| 21:00 | Siege Engine |
| 21:49 | Siege Engine |
| 21:49 | Siege Engine |
| 22:11 | Siege Engine |
| 22:11 | Siege Engine |
| 23:56 | Potion of Healing |
| 24:01 | Scroll of Regeneration |
| 24:03 | Orb of Fire |
| 24:32 | Siege Engine |
| 24:32 | Siege Engine |
| 25:02 | Siege Engine |
| 25:02 | Siege Engine |
| 25:15 | Storm Bolt |
| 26:50 | Siege Engine |
| 26:50 | Siege Engine |
| 27:43 | Siege Engine |
| 27:43 | Siege Engine |
| 27:43 | Siege Engine |
| 28:39 | Siege Engine |
| 29:15 | Siege Engine |
| 29:15 | Siege Engine |
| 30:48 | Flak Cannons |
| 30:48 | Flying Machine Bombs |
| 30:49 | Flying Machine |
| 31:21 | Potion of Healing |
| 32:02 | Scroll of Regeneration |
| 32:12 | Scroll of Town Portal |
| 32:46 | Siege Engine |
| 32:46 | Siege Engine |
| 32:55 | Siege Engine |
| 32:55 | Siege Engine |
| 33:24 | Siege Engine |
| 33:24 | Siege Engine |
| 34:10 | Siege Engine |
| 35:09 | Siege Engine |
| 35:20 | Scroll of Regeneration |
| 35:41 | Potion of Healing |
| 37:16 | Potion of Healing |
| 37:23 | Siege Engine |
| 37:23 | Siege Engine |
| Right click | 630 |
| Select group | 591 |
| Select | 419 |
| Build/train/purchase | 149 |
| Misc. action | 112 |
| Assign group | 105 |
| Use ability | 35 |
| Minimap ping | 26 |
| Chat | 3 |
| Item give/drop | 1 |
| Remove unit | 1 |


| Boots of Speed | 1 | 250 |
| Circlet of Nobility | 1 | 175 |
| total: | 2 | 425g |
| Peasant | 23 | 1725 | / | 0 |
| Footman | 7 | 945 | / | 0 |
| Rifleman | 14 | 2870 | / | 420 |
| Priest | 12 | 1620 | / | 120 |
| Knight | 13 | 3185 | / | 780 |
| Gryphon Rider | 4 | 1120 | / | 280 |
| total: | 73 | 11465g | / | 1600w |
| Scout Tower | 22 | 660 | / | 440 |
| Guard Tower | 8 | 560 | / | 400 |
| Arcane Tower | 3 | 210 | / | 150 |
| Altar of Kings | 1 | 180 | / | 50 |
| Farm | 13 | 1040 | / | 260 |
| Barracks | 2 | 320 | / | 120 |
| Lumber Mill | 1 | 120 | / | 0 |
| Blacksmith | 1 | 140 | / | 60 |
| Town Hall | 3 | 1155 | / | 615 |
| Arcane Vault | 1 | 130 | / | 30 |
| Cannon Tower | 2 | 240 | / | 200 |
| Arcane Sanctum | 1 | 150 | / | 140 |
| Workshop | 1 | 140 | / | 140 |
| Gryphon Aviary | 1 | 140 | / | 150 |
| Keep | 1 | 320 | / | 210 |
| Castle | 1 | 360 | / | 210 |
| total: | 47 | 4175g | / | 2005w |
| 0:03 | Peasant |
| 0:03 | Peasant |
| 0:10 | Altar of Kings |
| 0:15 | Peasant |
| 0:22 | Farm |
| 0:32 | Peasant |
| 0:58 | Peasant |
| 0:58 | Peasant |
| 1:03 | Farm |
| 1:10 | Peasant |
| 1:20 | Barracks |
| 1:28 | Peasant |
| 1:37 | Farm |
| 1:59 | Lumber Mill |
| 2:08 | Peasant |
| 2:14 | Summon Water Elemental |
| 2:24 | Farm |
| 2:29 | Footman |
| 2:29 | Footman |
| 2:59 | Keep |
| 3:13 | Footman |
| 3:14 | Footman |
| 3:37 | Footman |
| 3:42 | Farm |
| 3:42 | Farm |
| 4:07 | Blacksmith |
| 4:13 | Footman |
| 5:12 | Brilliance Aura |
| 5:17 | Farm |
| 5:29 | Town Hall |
| 5:38 | Footman |
| 5:40 | Rifleman |
| 6:18 | Arcane Sanctum |
| 6:34 | Defend |
| 7:02 | Rifleman |
| 7:09 | Storm Bolt |
| 7:33 | Peasant |
| 7:33 | Peasant |
| 7:34 | Peasant |
| 7:41 | Priest |
| 7:53 | Rifleman |
| 8:02 | Priest |
| 8:22 | Rifleman |
| 8:24 | Priest Adept Training |
| 8:48 | Black Gunpowder |
| 8:50 | Rifleman |
| 9:06 | Rifleman |
| 9:14 | Castle |
| 9:23 | Rifleman |
| 9:35 | Long Rifles |
| 9:42 | Summon Water Elemental |
| 10:00 | Arcane Vault |
| 10:08 | Iron Plating |
| 10:44 | Rifleman |
| 10:44 | Rifleman |
| 10:55 | Improved Lumber Harvesting |
| 11:02 | Barracks |
| 11:07 | Iron Forged Swords |
| 11:13 | Peasant |
| 11:13 | Peasant |
| 11:25 | Studded Leather Armor |
| 11:41 | Farm |
| 11:42 | Farm |
| 11:43 | Farm |
| 12:03 | Thunder Clap |
| 12:16 | Sundering Blades |
| 12:22 | Priest Master Training |
| 12:52 | Boots of Speed |
| 12:56 | Circlet of Nobility |
| 13:14 | Rifleman |
| 13:15 | Knight |
| 13:15 | Knight |
| 13:21 | Refined Gunpowder |
| 13:51 | Workshop |
| 13:57 | Advanced Lumber Harvesting |
| 14:25 | Priest |
| 14:42 | Imbued Gunpowder |
| 15:38 | Knight |
| 15:43 | Animal War Training |
| 15:50 | Gryphon Aviary |
| 17:02 | Knight |
| 17:05 | Knight |
| 17:37 | Priest |
| 17:37 | Priest |
| 17:37 | Priest |
| 17:56 | Reinforced Leather Armor |
| 18:07 | Bash |
| 18:16 | Scout Tower |
| 18:17 | Scout Tower |
| 18:18 | Scout Tower |
| 18:19 | Scout Tower |
| 18:27 | Scout Tower |
| 18:28 | Scout Tower |
| 18:29 | Scout Tower |
| 18:30 | Scout Tower |
| 18:44 | Farm |
| 18:44 | Farm |
| 18:45 | Farm |
| 18:56 | Steel Plating |
| 19:18 | Cannon Tower |
| 19:48 | Priest |
| 20:05 | Knight |
| 20:06 | Rifleman |
| 20:07 | Rifleman |
| 20:07 | Knight |
| 20:09 | Gryphon Rider |
| 20:10 | Gryphon Rider |
| 20:10 | Gryphon Rider |
| 21:02 | Steel Forged Swords |
| 21:07 | Cannon Tower |
| 21:08 | Guard Tower |
| 21:10 | Arcane Tower |
| 21:21 | Blizzard |
| 22:06 | Gryphon Rider |
| 22:28 | Scout Tower |
| 22:29 | Scout Tower |
| 22:30 | Scout Tower |
| 22:31 | Scout Tower |
| 22:32 | Scout Tower |
| 22:38 | Scout Tower |
| 22:39 | Scout Tower |
| 22:40 | Scout Tower |
| 22:40 | Scout Tower |
| 22:42 | Scout Tower |
| 22:42 | Scout Tower |
| 23:13 | Guard Tower |
| 24:11 | Guard Tower |
| 24:14 | Guard Tower |
| 24:57 | Storm Bolt |
| 25:20 | Guard Tower |
| 26:25 | Town Hall |
| 26:48 | Town Hall |
| 26:54 | Peasant |
| 26:54 | Peasant |
| 26:54 | Peasant |
| 27:17 | Magic Sentry |
| 27:24 | Scout Tower |
| 27:46 | Peasant |
| 27:50 | Guard Tower |
| 27:53 | Guard Tower |
| 27:54 | Guard Tower |
| 28:49 | Arcane Tower |
| 29:21 | Knight |
| 29:22 | Knight |
| 29:48 | Priest |
| 29:49 | Priest |
| 30:24 | Rifleman |
| 30:25 | Knight |
| 33:19 | Priest |
| 33:20 | Priest |
| 34:26 | Peasant |
| 34:44 | Scout Tower |
| 35:02 | Peasant |
| 35:03 | Peasant |
| 35:03 | Peasant |
| 35:20 | Arcane Tower |
| 35:23 | Scout Tower |
| 35:25 | Peasant |
| 38:04 | Knight |
| 38:05 | Knight |
| 38:06 | Knight |
| 38:06 | Rifleman |
| 38:13 | Priest |
| Right click | 1237 |
| Select group | 1058 |
| Select | 648 |
| Build/train/purchase | 153 |
| Assign group | 65 |
| Use ability | 61 |
| Resource trade | 16 |
| Minimap ping | 7 |
| Remove unit | 4 |



| Rod of Necromancy | 1 | 150 |
| Potion of Healing | 5 | 750 |
| Orb of Corruption | 1 | 375 |
| Scroll of Town Portal | 5 | 1750 |
| total: | 12 | 3025g |
| Acolyte | 11 | 825 | / | 0 |
| Ghoul | 3 | 360 | / | 0 |
| Crypt Fiend | 14 | 3010 | / | 560 |
| Obsidian Statue | 3 | 600 | / | 105 |
| Frost Wyrm | 7 | 2695 | / | 840 |
| total: | 38 | 7490g | / | 1505w |
| Nerubian Tower | 4 | 400 | / | 80 |
| Spirit Tower | 4 | 580 | / | 160 |
| Graveyard | 1 | 215 | / | 0 |
| Crypt | 3 | 600 | / | 150 |
| Altar of Darkness | 1 | 180 | / | 50 |
| Ziggurat | 12 | 1800 | / | 600 |
| Tomb of Relics | 1 | 130 | / | 30 |
| Necropolis | 1 | 225 | / | 0 |
| Slaughterhouse | 1 | 140 | / | 135 |
| Sacrificial Pit | 1 | 75 | / | 150 |
| Temple of the Damned | 1 | 155 | / | 140 |
| Boneyard | 3 | 525 | / | 600 |
| Halls of the Dead | 2 | 640 | / | 420 |
| Black Citadel | 1 | 325 | / | 230 |
| total: | 25 | 4045g | / | 1855w |
| 0:02 | Acolyte |
| 0:06 | Graveyard |
| 0:08 | Crypt |
| 0:10 | Crypt |
| 0:16 | Acolyte |
| 0:39 | Altar of Darkness |
| 0:55 | Ziggurat |
| 1:11 | Ghoul |
| 1:22 | Tomb of Relics |
| 1:46 | Crypt Fiend |
| 1:57 | Ziggurat |
| 2:21 | Crypt Fiend |
| 2:29 | Nerubian Tower |
| 2:47 | Acolyte |
| 2:56 | Death Coil |
| 2:58 | Rod of Necromancy |
| 3:20 | Crypt Fiend |
| 3:49 | Crypt Fiend |
| 4:13 | Halls of the Dead |
| 4:36 | Unholy Aura |
| 4:50 | Ghoul |
| 4:50 | Ghoul |
| 4:51 | Ziggurat |
| 5:10 | Creature Attack |
| 6:15 | Creature Carapace |
| 6:43 | Black Citadel |
| 7:06 | Scroll of Town Portal |
| 7:14 | Slaughterhouse |
| 7:25 | Potion of Healing |
| 7:40 | Frost Nova |
| 8:21 | Obsidian Statue |
| 8:27 | Ziggurat |
| 8:32 | Death Coil |
| 8:55 | Web |
| 9:08 | Destroyer Form |
| 9:22 | Silence |
| 9:53 | Burrow |
| 9:53 | Improved Creature Attack |
| 10:31 | Dark Ritual |
| 10:34 | Disease Cloud |
| 10:37 | Sacrificial Pit |
| 10:51 | Obsidian Statue |
| 11:11 | Advanced Creature Attack |
| 12:01 | Scroll of Town Portal |
| 12:13 | Boneyard |
| 12:15 | Boneyard |
| 12:31 | Necropolis |
| 12:33 | Acolyte |
| 13:38 | Boneyard |
| 14:07 | Black Arrow |
| 14:30 | Ziggurat |
| 14:36 | Acolyte |
| 14:36 | Acolyte |
| 14:36 | Acolyte |
| 14:36 | Acolyte |
| 14:38 | Ziggurat |
| 14:39 | Ziggurat |
| 14:39 | Ziggurat |
| 15:29 | Frost Wyrm |
| 16:36 | Frost Wyrm |
| 16:48 | Freezing Breath |
| 17:26 | Nerubian Tower |
| 17:26 | Spirit Tower |
| 17:27 | Spirit Tower |
| 17:44 | Frost Wyrm |
| 18:30 | Frost Nova |
| 19:05 | Unholy Aura |
| 19:12 | Improved Creature Carapace |
| 19:37 | Black Arrow |
| 20:44 | Frost Wyrm |
| 21:32 | Crypt Fiend |
| 21:35 | Spirit Tower |
| 21:35 | Nerubian Tower |
| 21:39 | Crypt |
| 21:59 | Obsidian Statue |
| 22:08 | Crypt Fiend |
| 22:17 | Advanced Creature Carapace |
| 22:41 | Crypt Fiend |
| 22:43 | Crypt Fiend |
| 23:41 | Acolyte |
| 23:46 | Crypt Fiend |
| 23:46 | Crypt Fiend |
| 24:34 | Dark Ritual |
| 24:38 | Silence |
| 25:31 | Ziggurat |
| 25:34 | Ziggurat |
| 25:43 | Crypt Fiend |
| 25:43 | Crypt Fiend |
| 25:44 | Crypt Fiend |
| 25:47 | Temple of the Damned |
| 25:49 | Unholy Strength |
| 26:45 | Death Coil |
| 29:32 | Ziggurat |
| 29:56 | Ziggurat |
| 30:55 | Orb of Corruption |
| 30:59 | Scroll of Town Portal |
| 31:00 | Potion of Healing |
| 31:03 | Necromancer Adept Training |
| 31:13 | Nerubian Tower |
| 31:14 | Spirit Tower |
| 31:57 | Black Arrow |
| 31:59 | Acolyte |
| 32:06 | Frost Wyrm |
| 32:08 | Crypt Fiend |
| 33:02 | Scroll of Town Portal |
| 33:03 | Potion of Healing |
| 33:05 | Potion of Healing |
| 33:48 | Frost Nova |
| 34:06 | Frost Wyrm |
| 35:25 | Frost Wyrm |
| 36:15 | Scroll of Town Portal |
| 36:15 | Potion of Healing |
| 37:13 | Acolyte |
| Select group | 3240 |
| Right click | 2801 |
| Select | 816 |
| Misc. action | 408 |
| Build/train/purchase | 122 |
| Use ability | 102 |
| Assign group | 41 |
| Chat | 18 |
| Minimap ping | 13 |
| Item give/drop | 8 |
| Resource trade | 7 |
| Esc | 6 |
| Remove unit | 2 |


| Peasant | 21 | 1575 | / | 0 |
| Footman | 6 | 810 | / | 0 |
| Rifleman | 10 | 2050 | / | 300 |
| Gryphon Rider | 19 | 5320 | / | 1330 |
| Priest | 2 | 270 | / | 20 |
| total: | 58 | 10025g | / | 1650w |
| Altar of Kings | 1 | 180 | / | 50 |
| Farm | 11 | 880 | / | 220 |
| Barracks | 1 | 160 | / | 60 |
| Lumber Mill | 1 | 120 | / | 0 |
| Blacksmith | 2 | 280 | / | 120 |
| Town Hall | 1 | 385 | / | 205 |
| Gryphon Aviary | 1 | 140 | / | 150 |
| Arcane Sanctum | 2 | 300 | / | 280 |
| Keep | 1 | 320 | / | 210 |
| Castle | 1 | 360 | / | 210 |
| total: | 20 | 2445g | / | 1085w |
| 0:18 | Peasant |
| 0:18 | Peasant |
| 0:25 | Altar of Kings |
| 0:33 | Farm |
| 0:35 | Peasant |
| 0:41 | Peasant |
| 0:57 | Peasant |
| 1:04 | Farm |
| 1:24 | Barracks |
| 1:57 | Lumber Mill |
| 2:11 | Farm |
| 2:24 | Farm |
| 2:35 | Holy Light |
| 2:40 | Blacksmith |
| 2:45 | Blacksmith |
| 2:48 | Footman |
| 2:48 | Footman |
| 3:45 | Footman |
| 4:16 | Keep |
| 5:00 | Rifleman |
| 5:01 | Footman |
| 5:46 | Town Hall |
| 6:00 | Divine Shield |
| 6:06 | Rifleman |
| 7:41 | Gryphon Aviary |
| 8:08 | Farm |
| 8:38 | Brilliance Aura |
| 8:46 | Castle |
| 9:26 | Peasant |
| 9:26 | Peasant |
| 9:27 | Peasant |
| 9:54 | Arcane Sanctum |
| 10:00 | Arcane Sanctum |
| 10:55 | Footman |
| 10:56 | Rifleman |
| 10:56 | Footman |
| 10:57 | Rifleman |
| 11:01 | Iron Forged Swords |
| 11:02 | Studded Leather Armor |
| 11:48 | Storm Hammers |
| 11:51 | Gryphon Rider |
| 12:12 | Farm |
| 12:28 | Peasant |
| 12:29 | Peasant |
| 12:29 | Peasant |
| 12:30 | Peasant |
| 12:37 | Animal War Training |
| 12:44 | Improved Lumber Harvesting |
| 12:56 | Priest Adept Training |
| 13:02 | Farm |
| 13:20 | Gryphon Rider |
| 14:04 | Holy Light |
| 14:25 | Gryphon Rider |
| 14:27 | Advanced Lumber Harvesting |
| 14:30 | Steel Forged Swords |
| 14:38 | Priest |
| 14:39 | Gryphon Rider |
| 14:55 | Summon Water Elemental |
| 15:48 | Reinforced Leather Armor |
| 16:02 | Gryphon Rider |
| 16:11 | Priest Master Training |
| 17:31 | Mithril Forged Swords |
| 17:35 | Farm |
| 17:36 | Farm |
| 18:11 | Gryphon Rider |
| 19:21 | Gryphon Rider |
| 19:22 | Gryphon Rider |
| 19:28 | Gryphon Rider |
| 19:32 | Farm |
| 19:37 | Peasant |
| 19:39 | Peasant |
| 19:53 | Peasant |
| 20:07 | Farm |
| 20:33 | Dragonhide Armor |
| 20:54 | Peasant |
| 20:54 | Peasant |
| 20:55 | Peasant |
| 21:29 | Gryphon Rider |
| 21:57 | Priest |
| 22:20 | Gryphon Rider |
| 23:05 | Peasant |
| 23:36 | Gryphon Rider |
| 23:48 | Peasant |
| 23:57 | Peasant |
| 24:46 | Gryphon Rider |
| 25:32 | Summon Water Elemental |
| 25:45 | Gryphon Rider |
| 25:53 | Gryphon Rider |
| 26:22 | Divine Shield |
| 29:18 | Gryphon Rider |
| 29:18 | Gryphon Rider |
| 30:08 | Gryphon Rider |
| 31:34 | Gryphon Rider |
| 34:46 | Rifleman |
| 34:46 | Rifleman |
| 34:47 | Rifleman |
| 34:49 | Rifleman |
| 34:51 | Rifleman |
| 36:13 | Rifleman |
| 36:23 | Black Gunpowder |
| Right click | 648 |
| Select | 316 |
| Build/train/purchase | 103 |
| Select group | 88 |
| Assign group | 39 |
| Use ability | 38 |
| Chat | 26 |
| Remove unit | 2 |
| Minimap ping | 1 |
⇛